 Dungeon Crawl Stone Soup version 0.30-a0-808-g6e0788376e (webtiles) character file.

Game seed: 10488397565415470448

224 NinjaNoafa the Poker (level 6, 0/48 (49) HPs)
             Began as a Hill Orc Monk on Feb 26, 2023.
             Slain by an orc
             ... wielding a +0 mace
              (2 damage)
             ... on level 4 of the Dungeon.
             The game lasted 00:16:05 (2940 turns).

NinjaNoafa the Poker (Hill Orc Monk)                Turns: 2940, Time: 00:16:06

HP:   0/48 (49)     AC:  8    Str: 14    XL:     6   Next: 0%
MP:   0/6           EV: 10    Int: 10    God:
Gold: 227           SH:  0    Dex: 13    Spells: 5/5 levels left

rFire   . . .      SeeInvis .    a - +1 spear
rCold   . . .      Faith    .    (no shield)
rNeg    . . .      Spirit   +    b - +1 scale mail
rPois   .          Reflect  .    (no helmet)
rElec   .          Harm     .    (no cloak)
rCorr   +          Rampage  .    c - +0 pair of gloves
Will    .....                    (no boots) Stlth
                                 j - amulet of guardian spirit
HPRegen 0.28/turn                h - ring of resist corrosion
MPRegen 0.10/turn                g - ring of wizardry

@: brilliant, silenced, lightly drained
A: frail 1, weak 1
a: no special abilities


You were on level 4 of the Dungeon.
You visited 1 branch of the dungeon, and saw 4 of its levels.

You collected 227 gold pieces.

Inventory:

Hand Weapons
 a - a +1 spear (weapon)
Missiles
 f - 4 boomerangs
 i - a javelin (quivered)
 n - 5 poisoned darts
Armour
 b - a +1 scale mail (worn)
 c - a +0 pair of gloves (worn)
Jewellery
 g - a ring of wizardry (right hand)
 h - a ring of resist corrosion (left hand)
 j - an amulet of guardian spirit (around neck)
Scrolls
 d - 2 scrolls of noise
 o - a scroll of identify
Potions
 m - a potion of brilliance


   Skills:
 + Level 4.9 Fighting
 * Level 5.7 Polearms
 - Level 2.4 Armour
 - Level 2.4 Dodging
 - Level 1.5 Stealth


You had 5 spell levels left.
You didn't know any spells.
Your spell library contained the following spells:

 Spells                   Type           Power      Damage    Failure   Level
 Dazzling Flash           Conj/Hex       0%         N/A       86%         3
 Ignite Poison            Fire/Tmut/Pois 0%         N/A       86%         3
 Kindle Blastsparks       Fire/Tloc/Air  0%         2d10      86%         3
 Cause Fear               Hex            0%         N/A       99%         4
 Iskenderun's Mystic Bla  Conj/Tloc      0%         2d3       99%         4
 Freezing Cloud           Conj/Ice/Air   0%         6-21      100%        5
 Starburst                Conj/Fire      0%         6d3       100%        6
 Dragon Form              Tmut           0%         N/A       100%        7
 Dragon's Call            Summ           0%         N/A       100%        9


Dungeon Overview and Level Annotations

Branches:
Dungeon (4/15)
 Temple: D:4-7

Altars:
Makhleb
Sif Muna


Innate Abilities, Weirdness & Mutations

You are frail. (-10% HP)
You are weak. (Str -2)


Message History

It was a potion of mutation.
You feel extremely strange.
You feel frail.
You feel weaker.
The orc priest hits you with a +0 hand axe!
* * * LOW HITPOINT WARNING * * *
The orc priest barely misses you.
You feel better.
The orc priest hits you but does no damage.
The orc priest hits you with a +0 club.
* * * LOW HITPOINT WARNING * * *
As you read the scroll labelled LOTIOR WUJICK, it crumbles to dust.
You feel strangely unstable.
It was a scroll of teleportation.
The orc priest barely misses you.
The orc priest looks satisfied for a moment.
You hit the orc priest.
The orc priest is heavily wounded.
The orc priest threatens, "By the altar or by the axe, you will meet Beogh!"
The orc priest hits you with a +0 hand axe.
* * * LOW HITPOINT WARNING * * *
The orc priest hits you but does no damage.
You hit the orc priest.
The orc priest is severely wounded.
The orc priest hits you with a +0 hand axe.
* * * LOW HITPOINT WARNING * * *
The orc priest closely misses you.
As you read the scroll labelled OSASYT DASTUNU, it crumbles to dust.
A profound silence engulfs you.
It was a scroll of silence.
The orc priest hits you but does no damage. x2
You hit the orc priest.
The orc priest is almost dead.
You hit the orc priest but do no damage.
The orc priest is almost dead.
Your surroundings suddenly seem different.
Something tries to affect you, but you resist.
The orc hits you with a +0 flail.
* * * LOW HITPOINT WARNING * * *
The orc closely misses you. The adder bites you but does no damage.
The adder bites you but does no damage. Something hits you.
* * * LOW HITPOINT WARNING * * *
The orc hits you with a +0 mace.
You die...

#..... ##.....### #........ .
#.......# # #.###.##.##.## .
.............#.# #.#.
#...#.......#
#.#.##..o#.##..#.# ###
.......{@........ ....
......So.....#.#########
#...8####8....#.###.#.##.......
+..)o'o.........# ##.......
....8#..#8...##... .. #.......
#.# #''####.##.##### #.......
#..# #.##.# ##....... #..#
#.##.## #........ #..# #.#...#
#<.......


You could see 2 orc priests, an adder and 2 orcs.

Vanquished Creatures
  Jessica (D:3)
  Ijyb (D:3)
  Terence (D:2)
  5 adders
  4 worms (D:2)
  3 dart slugs (D:1)
  2 orcs
  4 ball pythons
  7 bats
  7 endoplasms
  5 giant cockroaches
  7 goblins
  8 hobgoblins
  10 jackals
  2 quokkas (D:1)
  2 frilled lizards
  4 kobolds
  8 rats
81 creatures vanquished.

Vanquished Creatures (others)
  10 fungi (D:3)
10 creatures vanquished.

Grand Total: 91 creatures vanquished

Notes
Turn   | Place    | Note
-------+----------+-------------------------------------------
     0 | D:1      | NinjaNoafa the Hill Orc Monk began the quest for the Orb.
     0 | D:1      | Reached XP level 1. HP: 19/19 MP: 1/1
    55 | D:1      | Reached skill level 1 in Armour
    55 | D:1      | Reached XP level 2. HP: 27/27 MP: 2/2
   300 | D:1      | Reached XP level 3. HP: 24/33 MP: 3/3
   326 | D:1      | Reached skill level 4 in Polearms
   984 | D:2      | Reached XP level 4. HP: 40/40 MP: 4/4
  1093 | D:2      | Noticed Terence
  1111 | D:2      | HP: 2/40 [Terence/+0 flail (9)]
  1123 | D:2      | Killed Terence
  1124 | D:2      | Reached skill level 5 in Polearms
  1642 | D:3      | Noticed Ijyb
  1715 | D:3      | Killed Ijyb
  1716 | D:3      | Reached XP level 5. HP: 10/41 MP: 5/5
  1801 | D:3      | Noticed Jessica
  1804 | D:3      | Killed Jessica
  2435 | D:3      | Found a shimmering blue altar of Sif Muna.
  2435 | D:3      | Found a burning altar of Makhleb.
  2900 | D:4      | Found a large runed translucent door.
  2901 | D:4      | Found a large runed translucent door.
  2915 | D:4      | Reached XP level 6. HP: 19/54 MP: 1/6
  2928 | D:4      | Gained mutation: You are frail. (-10% HP) [potion of
                  | mutation]
  2928 | D:4      | Gained mutation: You are weak. (Str -2) [potion of
                  | mutation]
  2940 | D:4      | HP: 2/48 [something (2)]
  2940 | D:4      | Slain by an orc

Illustrated notes

Levels and vault maps discovered:
D:1:      dpeg_arrival_subterranean_lakeside_camping, layout_basic,
          minmay_3d_cube
D:2:      layout_basic, hellmonk_ecumenical_altar_leap_of_faith, st_stairs_13,
          hangedman_decor_peaks_small, uniq_terence
D:3:      layout_loops_ring, amethyst_overflow_temple_binary,
          dreamdust_mushroom_princess, uniq_ijyb, uniq_jessica
D:4:      layout_loops_cross, jmf_multi_god_temple2, temple_hall, uniq_eustachio

Skill      XL: |  1  2  3  4  5 |
---------------+----------------+-----
Armour         | 1 2 |  2.4
Fighting       | 4 |  4.9
Polearms       | 4 5 |  5.7
Dodging        | |  2.4
Stealth        | |  1.5

Action                     |  1- 3 |  4- 6 || total
---------------------------+-------+-------++-------
  Melee: Spear             |   194 |   223 ||   417
         Punch             |     2 |     1 ||     3
  Throw: Javelin           |       |     7 ||     7
         Boomerang         |       |     2 ||     2
    Use: Scroll            |       |     8 ||     8
         Potion            |       |     9 ||     9
   Stab: Sleeping          |     1 |       ||     1
         Distracted        |     1 |       ||     1
         Fleeing           |       |     1 ||     1
 Armour: Robe              |    15 |       ||    15
         Scale mail        |    29 |    96 ||   125
  Dodge: Dodged            |    85 |   128 ||   213

Table legend: (Time is in decaauts)
 A = Elapsed time spent in this place.
 B = Non-inter-level travel time spent in this place.
 C = Inter-level travel time spent in this place.
 D = Time resting spent in this place.
 E = Time spent auto-exploring this place.
 F = Levels seen in this place.
 G = Mean time per level.
                   A        B        C        D        E       F      G
               +--------+--------+--------+--------+--------+-----+--------+
         Total |   2899 |   2682 |    217 |     52 |   1212 |   4 |  724.8 |
       Dungeon |   2899 |   2682 |    217 |     52 |   1212 |   4 |  724.8 |
               +--------+--------+--------+--------+--------+-----+--------+

Top non-repeatable levels by time:
     D:3: 998 daAuts
     D:2: 938 daAuts
     D:1: 700 daAuts
     D:4: 261 daAuts
